 Dungeon Crawl Stone Soup version 0.18.1-47-g9310371 (webtiles) character file.

151 Lul the Grave Robber (level 5, -3/35 HPs)
             Began as a Vampire Necromancer on June 17, 2016.
             Killed by divine providence
             ... invoked by an orc priest
              (12 damage)
             ... on level 3 of the Dungeon.
             The game lasted 00:12:50 (4021 turns).

Lul the Grave Robber (Vampire Necromancer)          Turns: 4021, Time: 00:12:51

Health: -3/35      AC:  5    Str:  7    XL:     5   Next: 10%
Magic:  1/19       EV: 13    Int: 19    God:
Gold:   53         SH:  5    Dex: 14    Spells: 4 memorised, 2 levels left

rFire  . . .     SeeInvis +     h - +0 blowgun
rCold  + . .     Gourm    .     a - +0 robe
rNeg   + + .     Faith    .     (no shield)
rPois  +         Spirit   .     (no helmet)
rElec  .         Dismiss  .     s - +0 cloak
rCorr  .         Reflect  +     d - +0 pair of gloves
SustAt .         Harm     .     l - +0 pair of boots
MR     .....                    q - +5 amulet of reflection
Stlth  +++.......               (no ring)
                                e - ring of magical power

@: regenerating slowly, slowed, very slow, not resistant to hostile
enchantments, fairly stealthy
A: fangs 3, see invisible, unbreathing
a: Bat Form


You were on level 3 of the Dungeon.
You were very thirsty.

You visited 1 branch of the dungeon, and saw 3 of its levels.

You collected 53 gold pieces.

Inventory:

Hand Weapons
 h - a +0 blowgun (weapon)
Missiles
 t - 4 poisoned needles (quivered)
Armour
 a - a +0 robe (worn)
 d - a +0 pair of gloves (worn)
 j - a +0 robe
 l - a +0 pair of boots (worn)
 s - a +0 cloak (worn)
Jewellery
 e - a ring of magical power (left hand)
 q - a +5 amulet of reflection (around neck)
Scrolls
 g - a scroll of random uselessness {unknown}
 i - a scroll of teleportation {unknown}
 m - a scroll of magic mapping {unknown}
 n - 3 scrolls of remove curse {unknown}
 p - a scroll of immolation {unknown}
 r - a scroll of blinking {unknown}
Potions
 c - 2 potions of blood
 f - a potion of heal wounds
 k - 3 potions of curing
 o - 2 potions of lignification {unknown}
Books
 b - a book of Necromancy

   Spells                             Type                      Level
   a - Pain                           Necromancy                   1
   b - Animate Skeleton               Necromancy                   1
   c - Vampiric Draining              Necromancy                   3
   d - Regeneration                   Charms/Necromancy            3
   e - Animate Dead                   Necromancy                   4
   f - Control Undead                 Necromancy                   4


   Skills:
 + Level 0.2 Throwing
 + Level 2.4 Dodging
 + Level 3.7 Stealth
 + Level 3.7 Spellcasting
 + Level 5.4 Necromancy


You had 2 spell levels left.
You knew the following spells:

 Your Spells              Type           Power        Failure   Level  Hunger
a - Pain                  Necr           ###.         1%          1    None
b - Animate Skeleton      Necr           N/A          1%          1    None
c - Vampiric Draining     Necr           ###.......   6%          3    ###....
d - Animate Dead          Necr           N/A          17%         4    ####...


Dungeon Overview and Level Annotations

Branches:
Dungeon (3/15)

Altars:
Dithmenos
Elyvilon
Makhleb
Xom


Innate Abilities, Weirdness & Mutations

You heal slowly.
You have razor-sharp teeth.
You have supernaturally acute eyesight.
You can survive without breathing.


Message History

Aim: an orc priest, wielding a trident of protection (severely wounded, chance to defeat MR: 83%)
The orc priest convulses in agony!
The orc priest casts a cantrip, but nothing happens.
The orc wizard mumbles some strange words.
The orc wizard blinks!
Firing (i - inventory):
t - 5 poisoned needles (quivered)
Press: ? - help, Shift-Dir - straight line, f/p - orc priest
Aim: an orc priest, wielding a trident of protection (almost dead)
You shoot a poisoned needle.
The poisoned needle hits the orc priest.
The orc priest is poisoned.
The orc priest is almost dead.
The orc priest barely misses you. The orc wizard misses you.
Your orc zombie hits the orc wizard with a hand axe.
The orc priest hits you from afar with a trident of protection.
* * * LOW HITPOINT WARNING * * *
The orc wizard barely misses you.
The orc priest invokes the aid of Beogh against you.
Beogh smites you!
You die...

.....##.#######.###
###.......>.......#
#......#######.#.#
##...#.# #.#.# #
####.##.# #.#.###..#.
........# #.Z.o...o.#
####.#### #.[# ##'###
#o## ##....### #@#
##..Z....# ###.#
#......_.#####.#.#
....Z......##....#######
.._.Z8..................
....Z......##....#######
#........#####.#.#
##..._...# ###.##
##....### #...#


You could see an orc priest, an orc wizard and a friendly orc zombie.

Vanquished Creatures
  An orc priest (D:3)
  3 gnolls (D:3)
  An adder (D:3)
  3 oozes
  3 worms (D:2)
  4 dart slugs
  4 giant geckos (D:2)
  2 orcs (D:3)
  4 giant cockroaches (D:1)
  4 goblins
  8 hobgoblins
  2 jackals (D:3)
  4 kobolds
  A quokka (D:2)
  4 bats
  A giant newt (D:3)
  4 rats
53 creatures vanquished.

Notes
Turn   | Place    | Note
--------------------------------------------------------------
     0 | D:1      | Lul the Vampire Necromancer began the quest for the Orb.
     0 | D:1      | Reached XP level 1. HP: 13/13 MP: 3/3
     2 | D:1      | Learned a level 1 spell: Animate Skeleton
   414 | D:1      | Reached XP level 2. HP: 2/19 MP: 5/5
  1350 | D:1      | Reached XP level 3. HP: 16/24 MP: 6/6
  1547 | D:1      | Learned a level 3 spell: Vampiric Draining
  1958 | D:2      | Reached skill level 5 in Necromancy
  2484 | D:2      | Found a shadowy altar of Dithmenos.
  2838 | D:2      | Reached XP level 4. HP: 27/30 MP: 8/8
  2844 | D:2      | Learned a level 4 spell: Animate Dead
  3954 | D:3      | Found a burning altar of Makhleb.
  3954 | D:3      | Found a shimmering altar of Xom.
  3956 | D:3      | Found a white marble altar of Elyvilon.
  4013 | D:3      | Reached XP level 5. HP: 11/35 MP: 2/10
  4021 | D:3      | Killed from afar by an orc priest

Skill      XL: |  1  2  3 |
---------------+----------+-----
Necromancy     | 5 |  5.4
Spellcasting   | 3 |  3.7
Throwing       | |  0.2
Dodging        | |  2.4
Stealth        | |  3.7

Action                   |  1- 3 |  4- 6 || total
-------------------------+-------+-------++-------
Melee: Whip              |     2 |       ||     2
 Fire: Blowgun           |       |     4 ||     4
 Cast: Pain              |    88 |    40 ||   128
       Animate Skeleton  |     3 |     1 ||     4
       Vampiric Draining |     4 |     2 ||     6
       Animate Dead      |       |     1 ||     1
  Use: Scroll            |     3 |       ||     3
       Potion            |     2 |       ||     2
 Stab: Distracted        |     1 |       ||     1
  Eat: Corpse            |     2 |     1 ||     3
Armor: Robe              |       |     3 ||     3
Dodge: Dodged            |     7 |    10 ||    17
Block: Other             |     1 |     4 ||     5
       Reflection        |       |     1 ||     1
